[Event "*** Titled Tuesday Blitz"]
[Site "Chess.com"]
[Date "2021.03.30"]
[Round "3"]
[White "Omk124"]
[Black "Abund"]
[Result "0-1"]
[WhiteElo "2487"]
[BlackElo "2741"]
[TimeControl "180+1"]
[EndTime "10:28:27 PDT"]
[Termination "Abund won by resignation"]

1. e4 c5 2. Nf3 d6 3. d4 cxd4 4.
Nxd4 Nf6 5. Nc3 a6 6. g3 e5 7.
Nde2 Be7 8. Bg2 b5 9. O-O O-O 10.
Nd5 Nbd7 11. Nec3 Bb7 12. a3 Rc8 13. Nxe7+ Qxe7 14. Be3 Nc5 15. Bg5 h6 16. Bxf6 Qxf6 17. Nd5 Qe6 18. c3 Bxd5 19. exd5 Qg6 20. Qe2 Rfe8 21.
Rad1 e4 22. Rd4 f5 23. Qd1 Rc7 24. Re1 Rce7 25. Re3 Qg5 26. h4 Qf6 27. Qe2 Re5 28. Qh5 Kh7 29. Qe2 Kg8 30. Qc2 g6 31. f4 exf3 32.
Rxf3 Re1+ 33. Bf1 Qe5 34. h5 Ne4 35. Kg2 Ng5 36. Rf2 Ne4 37. Rf3 gxh5 38. Bd3 h4 39. Rxe4 fxe4 40. Rf4 exd3 41. Qxd3 Qe2+ 42. Qxe2 R1xe2+ 43. Kh3 hxg3 44. Rg4+ Kh7 45. Rf4 0-1

[Event "*** Titled Tuesday Blitz"]
[Site "Chess.com"]
[Date "2021.03.30"]
[Round "3"]
[White "nrvisakh"]
[Black "Das_Virus_2020"]
[Result "0-1"]
[WhiteElo "2805"]
[BlackElo "2490"]
[TimeControl "180+1"]
[EndTime "10:28:27 PDT"]
[Termination "Das_Virus_2020 won on time"]

1. e4 e6 2. d4 d5 3. Nc3 Nf6 4. e5 Nfd7 5. f4 c5 6. Nf3 Qb6 7. Na4 Qa5+ 8. c3 c4 9. b4 Qc7 10. Be3 Be7 11. Be2 O-O 12. O-O f6 13. Nc5 Nxc5 14.
dxc5 fxe5 15. Nxe5 Nc6 16. Nxc6 bxc6 17. Bg4 e5 18.
Bxc8 Raxc8 19. Qg4 Bf6 20. Rae1 e4 21. Bd4 Qe7 22. Re3 Bxd4 23. cxd4 Qf6 24. Kh1 Qxd4 25. Ra3 Rc7 26. Qe6+ Kh8 27. Qd6 Rcf7 28. Rxa7 Qf6 29.
Rxf7 Qxd6 30. cxd6 Rxf7 31. a4 Kg8 32. Rb1 Rb7 33. a5 c3 34. h3 Kf7 35. a6 Ra7 36. b5 cxb5 37. Rxb5 Ke6 38. Rc5 d4 39. Rc7 Rxa6 0-1

[Event "*** Titled Tuesday Blitz"]
[Site "Chess.com"]
[Date "2021.03.30"]
[Round "3"]
[White "Vasily85"]
[Black "Bishops83"]
[Result "1-0"]
[WhiteElo "2412"]
[BlackElo "2238"]
[TimeControl "180+1"]
[EndTime "10:28:28 PDT"]
[Termination "Vasily85 won on time"]

1. Nf3 c5 2. g3 g6 3. Bg2 Bg7 4. c4 Nc6 5. Nc3 d6 6. O-O e5 7.
d3 Nge7 8. Ne1 Be6 9. Nc2 d5 10. cxd5 Nxd5 11. Ne3 Nde7 12. Nc4 O-O 13. f4 Rb8 14. a4 Nd5 15. Ne4 exf4 16. gxf4 a6 17. Kh1 b5 18. axb5 axb5 19. Ne3 Nxe3 20. Bxe3 Bxb2 21. Bxc5 Re8 22. Rb1 Bd4 23. Rc1 Bxc5 24. Nxc5 Nd4 25. e3 Nf5 26. Qd2 Nh4 27. Bc6 Re7 28.
Nxe6 Rxe6 29. d4 Nf5 30. d5 Rxe3 31. Rfe1 Rxe1+ 32. Rxe1 Qd6 33. Re4 b4 34. Qe2 b3 35.
Re8+ Rxe8 36. Qxe8+ Kg7 37. Qe2 1-0

[Event "*** Titled Tuesday Blitz"]
[Site "Chess.com"]
[Date "2021.03.30"]
[Round "3"]
[White "gatocorbis"]
[Black "chessmachine14"]
[Result "0-1"]
[WhiteElo "2093"]
[BlackElo "2327"]
[TimeControl "180+1"]
[EndTime "10:28:28 PDT"]
[Termination "chessmachine14 won on time"]

1. e4 c5 2. c3 Nf6 3. e5 Nd5 4.
Nf3 e6 5. g3 Be7 6. Bg2 O-O 7.
O-O Nc6 8. d4 cxd4 9. cxd4 d6 10. exd6 Bxd6 11. Nc3 Nxc3 12. bxc3 Bd7 13. c4 Rc8 14.
Bb2 Na5 15. c5 Be7 16. Qe2 Bc6 17. Rac1 Qd5 18. Bc3 Nc4 19. Nh4 Qd8 20. Bxc6 Rxc6 21. Qxc4 Bxh4 22. gxh4 Qxh4 23. Qe2 e5 24. f4 Rg6+ 25. Kh1 exf4 26. d5 f6 27. d6 Kh8 28.
Rg1 Rh6 29. Rcf1 g5 30. Rf2 Qh3 31. Qe7 Kg8 0-1

[Event "*** Titled Tuesday Blitz"]
[Site "Chess.com"]
[Date "2021.03.30"]
[Round "3"]
[White "morte-negra"]
[Black "DonPreuss"]
[Result "0-1"]
[WhiteElo "1882"]
[BlackElo "2285"]
[TimeControl "180+1"]
[EndTime "10:28:28 PDT"]
[Termination "DonPreuss won on time"]

1. e4 e5 2. Nf3 d5 3. Nc3 dxe4 4. Nxe4 f5 5. Nc3 e4 6. Ne5 Qd4 7. f4 Nf6 8. d3 Nc6 9. Nxc6 bxc6 10. dxe4 Qxd1+ 11.
Kxd1 fxe4 12. h3 Bb4 13. Bd2 Be6 14. a3 Bd6 15. g4 O-O 16. g5 Nh5 17. Nxe4 Nxf4 18.
Nxd6 cxd6 19. h4 Rae8 20. Kc1 Bd5 21. Rg1 Ne2+ 22. Bxe2 Rxe2 23. Re1 Rh2 24. c4 Bxc4 25. Kc2 Rff2 26. Rad1 Be2 27. Rc1 Bd3+ 28. Kxd3 Rxd2+ 29. Kc3 Rxb2 30. Re6 Rbd2 31. Rce1 Rc2+ 32. Kb3 Rb2+ 33. Kc3 Rb8 34. Re8+ Rxe8 35. Rxe8+ Kf7 36. Ra8 Rh3+ 37. Kb4 Rxh4+ 38. Kb3 Kg6 39. Rxa7 Rg4 0-1

[Event "*** Titled Tuesday Blitz"]
[Site "Chess.com"]
[Date "2021.03.30"]
[Round "3"]
[White "volunteers1998"]
[Black "Caterpiller35"]
[Result "0-1"]
[WhiteElo "2176"]
[BlackElo "2395"]
[TimeControl "180+1"]
[EndTime "10:28:29 PDT"]
[Termination "Caterpiller35 won on time"]

1. e4 c5 2. Nf3 Nc6 3. Bb5 g6 4. O-O Bg7 5. Re1 Nf6 6. e5 Nd5 7. Nc3 Nc7 8. Bxc6 dxc6 9. Ne4 b6 10. Nf6+ Kf8 11. Ne4 Bg4 12. d3 Ne6 13. Neg5 Nxg5 14. Bxg5 Qd5 15. Qe2 Rd8 16. Qe4 Bxf3 17. Qxf3 Qxf3 18.
gxf3 h6 19. Bf4 g5 20. Bd2 Rd4 21. Bc3 Rf4 22. Kg2 e6 23. Re4 Rf5 24. a4 a5 25.
Rae1 Ke7 26. b3 Rd8 27. Bb2 Kd7 28. Bc1 Kc7 29. f4 Rd5 30. fxg5 hxg5 31. f4 gxf4 32.
Bxf4 Rd8 33. Bg3 Rg8 34. Rg4 Kd7 35. Ree4 Ke7 36. d4 cxd4 37. Rxd4 Bxe5 38. Rxg8 Bxd4 39. Rc8 Rc5 40. Rc7+ Kf6 41. c4 Kg6 42. Kf3 f5 43. Rc8 e5 44. Rg8+ Kf7 45. Rg5 Kf6 46. Rh5 e4+ 47.
Ke2 b5 48. Bf4 bxc4 49. bxc4 Rxc4 50. Rh6+ Kf7 51. Rd6 c5 52. Rd5 Ke6 53. Rd6+ Ke7 54. Rd5 Rxa4 0-1

[Event "*** Titled Tuesday Blitz"]
[Site "Chess.com"]
[Date "2021.03.30"]
[Round "3"]
[White "zala02"]
[Black "jup1978"]
[Result "0-1"]
[WhiteElo "2143"]
[BlackElo "2340"]
[TimeControl "180+1"]
[EndTime "10:28:29 PDT"]
[Termination "jup1978 won by checkmate"]

1. e4 d5 2. exd5 Qxd5 3. Nc3 Qd8 4. Nf3 Nf6 5. d4 Bg4 6. Bc4 e6 7. O-O c6 8. Be3 Nbd7 9. h3 Bxf3 10. Qxf3 Bd6 11. Rfe1 O-O 12. Rad1 Re8 13. Bd3 Qc7 14. Bg5 h6 15. Bh4 Nd5 16. Ne4 Be7 17.
Bg3 Qa5 18. c4 N5f6 19. Bb1 Nxe4 20. Qxe4 Nf6 21. Qc2 Rad8 22. Be5 b5 23. d5 cxd5 24.
cxd5 Rxd5 25. Rxd5 Qxe1+ 26. Kh2 exd5 27. Bc3 Bd6+ 28.
g3 Qe2 29. Qf5 Ne4 30. Bd4 Bxg3+ 31. Kg2 Bxf2 32. Bxf2 Qxf2+ 33. Qxf2 Nxf2 34. Kxf2 d4 35. Bd3 Re3 36. Bxb5 Rxh3 37. Ke2 Rh2+ 38. Kd3 Rxb2 39. a4 Rb4 40. Be8 a5 41. Bb5 h5 42. Bc4 h4 43.
Kxd4 Rxa4 44. Kc5 Rxc4+ 45. Kxc4 h3 46. Kb5 h2 47. Kc6 h1=Q+ 48. Kd7 Qe4 49. Kd6 a4 50. Kc5 a3 51. Kb6 a2 52. Kc7 a1=Q 53. Kd8 Qd1+ 54. Kc7 Qec2+ 55. Kb6 Qdb1+ 56. Ka5 Qca2# 0-1

[Event "*** Titled Tuesday Blitz"]
[Site "Chess.com"]
[Date "2021.03.30"]
[Round "3"]
[White "suyu28"]
[Black "NoboaKevin1999"]
[Result "0-1"]
[WhiteElo "2601"]
[BlackElo "2439"]
[TimeControl "180+1"]
[EndTime "10:28:32 PDT"]
[Termination "NoboaKevin1999 won on time"]

1. e4 e6 2. Nf3 d5 3. exd5 exd5 4. d4 Nc6 5. Be2 Bd6 6. O-O Nge7 7. c4 dxc4 8. Nc3 O-O 9. h3 Na5 10. d5 Bf5 11.
Be3 c6 12. dxc6 Nexc6 13. Rc1 Rc8 14. Nd4 Nxd4 15. Bxd4 Bc5 16. Bxc5 Rxc5 17. Qa4 Qg5 18. Kh1 Bd3 19. Bxd3 cxd3 20. b4 d2 21. Rc2 Rxc3 22. Rxc3 Nc6 23. Rd3 Rd8 24. f4 Qe7 25. Rxd8+ Qxd8 26.
b5 Ne7 27. Rd1 Nf5 28. Qb3 h5 29. Qc3 h4 30. Qxd2 Ng3+ 31. Kh2 Qxd2 0-1

[Event "*** Titled Tuesday Blitz"]
[Site "Chess.com"]
[Date "2021.03.30"]
[Round "3"]
[White "igorkovalenko"]
[Black "MarcoRiehle"]
[Result "1-0"]
[WhiteElo "2957"]
[BlackElo "2686"]
[TimeControl "180+1"]
[EndTime "10:28:33 PDT"]
[Termination "igorkovalenko won by resignation"]

1. d4 d5 2. Nf3 e6 3. c4 Nf6 4. Nc3 dxc4 5. e3 a6 6. a4 c5 7.
Bxc4 Nc6 8. O-O cxd4 9. exd4 Be7 10. Bg5 O-O 11. Re1 h6 12. Bh4 Nb4 13. Ne5 Bd7 14. Qe2 Rc8 15. Bb3 Nbd5 16. Rac1 Nxc3 17. bxc3 Bc6 18.
f4 Nd5 19. Bxe7 Nxe7 20. Qf2 b5 21. axb5 axb5 22. h3 Bd5 23. Bc2 Nf5 24. Bd3 Qa5 25. Qb2 Nh4 26. Bf1 Rc7 27. Qb4 Qa8 28. Ra1 Qb7 29.
Re2 Rfc8 30. Ra3 f6 31. Nd3 Bc4 32. Rf2 Qe4 33. Nc5 Qd5 34. Bxc4 bxc4 35. Qb6 Rxc5 36. dxc5 Rxc5 37. Ra8+ Kh7 38. Rd8 Qf5 39. g4 Qe4 40. Qxc5 Qe1+ 41. Kh2 Qxc3 42. Rdd2 Qc1 43. Rc2 Nf3+ 44.
Kg3 Qg1+ 45. Kxf3 e5 46. fxe5 fxe5 47. Qxe5 Qh1+ 48. Kg3 Qg1+ 49. Rg2 Qf1 50. Qf5+ 1-0

[Event "*** Titled Tuesday Blitz"]
[Site "Chess.com"]
[Date "2021.03.30"]
[Round "3"]
[White "gvanna"]
[Black "SchmakAttack"]
[Result "0-1"]
[WhiteElo "2401"]
[BlackElo "2607"]
[TimeControl "180+1"]
[EndTime "10:28:34 PDT"]
[Termination "SchmakAttack won by checkmate"]

1. e4 e6 2. d4 d5 3. Nd2 c5 4. Ngf3 cxd4 5. Nxd4 Nf6 6. Bd3 Nc6 7. Nxc6 bxc6 8. O-O Be7 9. c4 O-O 10. Qc2 h6 11. Re1 Qb6 12. b3 a5 13. Bb2 a4 14.
e5 Nd7 15. Nf3 Nc5 16. Nd2 Nxd3 17. Qxd3 axb3 18. axb3 Bb7 19. Bd4 Qc7 20. c5 Rxa1 21. Rxa1 Ra8 22. Qc3 Qb8 23. b4 Bc8 24. Rxa8 Qxa8 25.
h3 Qa4 26. Nb3 Ba6 27. Na5 Bb5 28.
Nb7 Bg5 29. Nd6 Qd1+ 30. Kh2 Bd2 31. Qb2 Bd3 32. Qa3 Bf4+ 33. g3 Bg5 34. h4 Be7 35. Qa8+ Kh7 36. Nxf7 Be4 37. Qh8+ Kg6 38. g4 Qh1+ 39. Kg3 Qf3+ 40. Kh2 Qg2# 0-1

[Event "*** Titled Tuesday Blitz"]
[Site "Chess.com"]
[Date "2021.03.30"]
[Round "3"]
[White "Kildepiotr"]
[Black "Cambek64"]
[Result "1-0"]
[WhiteElo "2682"]
[BlackElo "2443"]
[TimeControl "180+1"]
[EndTime "10:28:35 PDT"]
[Termination "Kildepiotr won by resignation"]

1. Nf3 d5 2. g3 c6 3. Bg2 Nf6 4. O-O Bf5 5. d3 e6 6. Nbd2 h6 7. Qe1 Bh7 8. e4 Be7 9. Qe2 O-O 10. b3 c5 11. Bb2 Nc6 12. Ne5 Nd4 13. Qd1 Rc8 14. f4 a6 15. c3 Nc6 16. Nxc6 Rxc6 17. Qe2 b5 18. Rae1 dxe4 19. Nxe4 Bxe4 20. dxe4 c4 21. b4 Rd6 22. Rd1 Qb6+ 23. Kh1 Rxd1 24. Rxd1 Rd8 25. Rxd8+ Qxd8 26. Bc1 h5 27. h3 g6 28. Be3 Qd7 29. Qd2 Qc7 30. e5 Ne8 31.
Be4 Ng7 32. g4 hxg4 33. hxg4 g5 34. Qh2 f5 35. exf6 Bxf6 36. Qh7+ Kf8 37. Bc5+ Be7 38. Bg6 Qc6+ 39. Kh2 Bxc5 40. Qh8+ Ke7 41. Qxg7+ Kd8 42. bxc5 Qxc5 43. Qf6+ Kd7 44. fxg5 Qd6+ 45. Kh3 Qd1 46.
Qd4+ Qxd4 47. cxd4 a5 48. Kg3 b4 49. Kf3 b3 50. axb3 cxb3 51. Ke3 a4 52. Kd2 a3 53. Kc3 a2 54. Kb2 Ke7 55. Bd3 1-0

[Event "*** Titled Tuesday Blitz"]
[Site "Chess.com"]
[Date "2021.03.30"]
[Round "3"]
[White "Rodalquilar"]
[Black "djano"]
[Result "0-1"]
[WhiteElo "2642"]
[BlackElo "2446"]
[TimeControl "180+1"]
[EndTime "10:28:35 PDT"]
[Termination "djano won on time"]

1. d4 Nf6 2. Bf4 g6 3. e3 Bg7 4. Nf3 d6 5. Be2 c5 6. O-O Nh5 7. Bg5 h6 8. Bh4 g5 9. Nfd2 Nf4 10. exf4 gxh4 11. Nb3 cxd4 12. Bb5+ Nc6 13. Qf3 Bd7 14. N1d2 h3 15. g3 Qb6 16. Bd3 h5 17.
Rfe1 O-O-O 18. a4 Bg4 19. Qe4 d5 20. Qh1 h4 21. a5 Qc7 22. a6 b6 23. f3 hxg3 24.
hxg3 h2+ 25. Kf2 Bd7 26. Qg2 e5 27. fxe5 Nxe5 28. Rh1 Bh6 29. Nf1 Nxd3+ 30. cxd3 Qc2+ 31. Nfd2 Bxd2 32. Kf1 Qxd3+ 33. Qe2 Bh3+ 34. Kf2 Be3+ 35.
Ke1 Qxe2+ 36. Kxe2 Bg2 37. Kd3 Bxh1 38. Rxh1 Kd7 39. Na1 Rdg8 40. g4 f5 41. Nc2 fxg4 42. f4 g3 0-1

[Event "*** Titled Tuesday Blitz"]
[Site "Chess.com"]
[Date "2021.03.30"]
[Round "3"]
[White "Sergey85Rodchenkov"]
[Black "Fy_Rakotomaharo"]
[Result "0-1"]
[WhiteElo "2507"]
[BlackElo "2715"]
[TimeControl "180+1"]
[EndTime "10:28:36 PDT"]
[Termination "Fy_Rakotomaharo won by resignation"]

1. e4 c5 2. Nf3 d6 3. d4 cxd4 4. Nxd4 Nf6 5. Nc3 a6 6. Bc4 e6 7. Bb3 Nbd7 8. f4 Nc5 9. f5 Be7 10. Qf3 O-O 11. Be3 Bd7 12. g4 Nxb3 13. axb3 e5 14. Nde2 Bc6 15. Ng3 d5 16. exd5 Nxd5 17. Nce4 Nxe3 18. Qxe3 Bh4 19. O-O Bxg3 20. hxg3 Qd5 21.
Rae1 Rad8 22. f6 Qxe4 23. Qxe4 Bxe4 24. Rxe4 Rfe8 25. fxg7 Kxg7 26. Rfe1 Rd2 27. R1e2 Rxe2 28. Rxe2 Kf6 29. Kf2 Kg5 30. Re4 f6 31. Kf3 Rc8 32. c3 Rd8 33. Rc4 Rd3+ 34. Kf2 Rd2+ 35. Ke3 Rxb2 36. b4 h5 37. gxh5 Kxh5 38. Rc7 Rc2 39. Ke4 Kg6 40. c4 Rc3 41. g4 b5 42. c5 Rc4+ 43. Kd5 Rxg4 44. c6 Rxb4 45. Ra7 Rc4 46. Rxa6 e4 47. Rb6 e3 48. Rxb5 Rc1 49. Rb2 Kf5 50. Kd4 Kf4 51. Rh2 Rxc6 52.
Rh4+ Kg3 53. Rh6 e2 54. Rh1 Kf2 55. Rh2+ Kf1 0-1

[Event "*** Titled Tuesday Blitz"]
[Site "Chess.com"]
[Date "2021.03.30"]
[Round "3"]
[White "Leonid_Starozhilov"]
[Black "WPWPWP-2015"]
[Result "1-0"]
[WhiteElo "2704"]
[BlackElo "2450"]
[TimeControl "180+1"]
[EndTime "10:28:36 PDT"]
[Termination "Leonid_Starozhilov won on time"]

1. e4 e5 2. Nf3 Nf6 3. Nc3 Bb4 4. Bd3 O-O 5. O-O Nc6 6. a3 Be7 7. b4 a6 8. Nd5 Nxd5 9. exd5 Nd4 10. Nxd4 exd4 11.
Bb2 Bf6 12. d6 cxd6 13. Qg4 g6 14. Bxd4 Be5 15. Bc3 Qf6 16. Rae1 a5 17. b5 Bxc3 18. dxc3 b6 19. Re3 Rd8 20. Rfe1 Bb7 21. Re7 Bd5 22.
Rxd7 Qxc3 23. Rde7 Qf6 24. h4 Be6 25. R1xe6 fxe6 26. Rxe6 Qg7 27. Bxg6 Kh8 28. h5 Rg8 29. g3 Raf8 30. Rxd6 Qa1+ 31. Kg2 Qe5 32. Re6 Qc5 33. Qe2 hxg6 34. hxg6 Rg7 35. Re5 Qd6 36. Rh5+ Kg8 37. Qc4+ Rff7 38. gxf7+ Rxf7 39. Rf5 1-0

[Event "*** Titled Tuesday Blitz"]
[Site "Chess.com"]
[Date "2021.03.30"]
[Round "3"]
[White "Yaryi_sergey"]
[Black "ChessFunMaker"]
[Result "1-0"]
[WhiteElo "2511"]
[BlackElo "2257"]
[TimeControl "180+1"]
[EndTime "10:28:36 PDT"]
[Termination "Yaryi_sergey won on time"]

1. Nf3 Nf6 2. d4 g6 3. b4 Bg7 4.
Bb2 O-O 5. e3 a5 6. b5 a4 7. c4 d6 8. Be2 c6 9. bxc6 bxc6 10. O-O Ne4 11. Nbd2 Nxd2 12. Qxd2 Bf5 13. Nh4 Bd7 14. d5 Qa5 15. Qxa5 Rxa5 16. Bxg7 Kxg7 17.
e4 Na6 18. Rab1 Nc5 19. f3 cxd5 20. cxd5 e6 21. Bc4 g5 22. dxe6 fxe6 23. Rfd1 gxh4 24. Rxd6 Ra7 25. a3 h3 26. Rbb6 hxg2 27. Kxg2 Rf6 28.
Kg3 Rg6+ 29. Kf2 Rh6 30. Kg3 Kf6 31. Rb2 Rg6+ 32. Kf4 Ke7 33. Rd1 Ra8 34. Rf1 Rf8+ 35. Ke3 Rfg8 36. Rc1 Rg2 37. Rbc2 Rxc2 38. Rxc2 Rg1 39.
Be2 Nb3 40. Bc4 Ra1 41. Rg2 Kf8 42. Kf4 Rxa3 43. Ke5 Na5 44. Bxe6 Nc6+ 45. Kf5 Nd4+ 46. Kf6 Nxe6 47. f4 Rf3 48. f5 Nd4 49. Rd2 Nxf5 50. Rxd7 Ne3+ 51. Ke5 Ng4+ 52. Kd4 Nxh2 53. Rxh7 Nf1 54.
Ra7 a3 55. Kd5 Nd2 56. Ke6 Nb1 57. Ra8+ 1-0

[Event "*** Titled Tuesday Blitz"]
[Site "Chess.com"]
[Date "2021.03.30"]
[Round "3"]
[White "MIJuanReyesRosa"]
[Black "viktorgen2021"]
[Result "0-1"]
[WhiteElo "2107"]
[BlackElo "2337"]
[TimeControl "180+1"]
[EndTime "10:28:37 PDT"]
[Termination "viktorgen2021 won on time"]

1. d4 Nf6 2. Nf3 e6 3. c4 b6 4. a3 Bb7 5. Nc3 g6 6. d5 Bg7 7. e4 d6 8. Bd3 e5 9. Bg5 O-O 10. Qd2 Nbd7 11. b4 a5 12. O-O Qc8 13. Nb5 Kh8 14. Rac1 Ng8 15. Be3 f5 16. Ng5 f4 17.
Bxb6 Nxb6 18. c5 dxc5 19. Ne6 Rf7 20. Rxc5 Bf8 21. Rxc7 Rxc7 22. Nbxc7 Ra7 23. Rc1 axb4 24. Qb2 Bd6 25. axb4 Qd7 26. Nb5 Ra8 27. Nbc7 Rc8 28. Bb5 Qe7 29. h4 Nf6 30. h5 gxh5 31. Ng5 Rg8 32. Nce6 h6 33. Nf3 Ng4 34. Nh4 Qxh4 35. g3 fxg3 0-1

[Event "*** Titled Tuesday Blitz"]
[Site "Chess.com"]
[Date "2021.03.30"]
[Round "3"]
[White "LastHeroJr"]
[Black "Spriteball"]
[Result "1-0"]
[WhiteElo "2565"]
[BlackElo "2376"]
[TimeControl "180+1"]
[EndTime "10:28:38 PDT"]
[Termination "LastHeroJr won by resignation"]

1. e4 e5 2. Nf3 Nc6 3. Bc4 Nf6 4. d3 Be7 5. O-O O-O 6. Re1 d6 7. a4 a5 8. Nbd2 Be6 9. c3 h6 10. Bb3 Re8 11. Nf1 Rf8 12. Ng3 d5 13. exd5 Bxd5 14.
Nxe5 Nxe5 15. Rxe5 Bd6 16. Re1 Bxb3 17. Qxb3 Bxg3 18.
hxg3 Qxd3 19. Qxb7 c5 20. Qb5 Qf5 21. Be3 Rab8 22.
Qxc5 Qxc5 23. Bxc5 Rfc8 24. Ba3 Nd7 25. Re3 Nb6 26. b4 Nxa4 27. bxa5 Nxc3 28. Kh2 Ra8 29. Bb2 Nd5 30. Rd3 Rc5 31. a6 Nb4 32. Rd4 Nxa6 33.
Rg4 g5 34. Rga4 Rc6 35. Bd4 Kh7 36. Be3 Kg6 37. Ra5 Re6 38. g4 h5 39. gxh5+ Kxh5 40. Rxg5+ Kh6 41. Rg8+ Rxe3 42. Rxa8 Re6 43. R8xa6 1-0

[Event "*** Titled Tuesday Blitz"]
[Site "Chess.com"]
[Date "2021.03.30"]
[Round "3"]
[White "erdni1993"]
[Black "Fortitudine"]
[Result "1-0"]
[WhiteElo "2512"]
[BlackElo "2270"]
[TimeControl "180+1"]
[EndTime "10:28:38 PDT"]
[Termination "erdni1993 won by resignation"]

1. e4 c5 2. Nf3 d6 3. d4 cxd4 4. Nxd4 Nf6 5. Nc3 Nc6 6. Bg5 Bd7 7. Qd2 Rc8 8. Nxc6 Bxc6 9. Bd3 Qa5 10. O-O-O e6 11.
Kb1 Be7 12. f3 O-O 13. Nd5 Qd8 14. Nxe7+ Qxe7 15. f4 Qc7 16. Bxf6 gxf6 17. f5 Kh8 18. Rhf1 Qe7 19. Rf3 Rg8 20. fxe6 fxe6 21. Rdf1 Rcf8 22.
R3f2 a6 23. a3 Rf7 24. h3 Rgf8 25. g4 d5 26. exd5 Bxd5 27. h4 e5 28. Bxh7 Rxh7 29. Qxd5 Rxh4 30. g5 Rf4 31. Rxf4 exf4 32. g6 Kg7 33.
Rxf4 Rh8 34. Ka2 Rd8 35. Qb3 b5 36. c3 Rh8 37. Rd4 Rd8 38. Rxd8 Qxd8 39. Qf7+ Kh6 40. Qh7+ Kg5 41. Qf7 1-0

[Event "*** Titled Tuesday Blitz"]
[Site "Chess.com"]
[Date "2021.03.30"]
[Round "3"]
[White "chesslh19"]
[Black "sau6on"]
[Result "0-1"]
[WhiteElo "2207"]
[BlackElo "2362"]
[TimeControl "180+1"]
[EndTime "10:28:38 PDT"]
[Termination "sau6on won by checkmate"]

1. e4 c5 2. Nf3 d6 3. d4 cxd4 4.
Nxd4 Nf6 5. Nc3 Nc6 6. Be2 g6 7.
Be3 Bg7 8. O-O O-O 9. Nb3 Be6 10. f4 Na5 11. Nxa5 Qxa5 12. Qd2 Rfc8 13. Bf3 Qb4 14. Rab1 Ng4 15. Bxg4 Bxg4 16. h3 Be6 17. a3 Qc4 18. Rfd1 b5 19. Rbc1 Kf8 20. Nd5 Bxd5 21.
Qxd5 Bxb2 22. Rb1 Bxa3 23. Qxb5 Qxb5 24. Rxb5 Rxc2 25. Ra5 Bc5 26. Bxc5 Rxc5 27. Ra6 Rc7 28. Rda1 Kg7 29. Kf2 h6 30. Kf3 g5 31. fxg5 hxg5 32.
Kg4 Kg6 33. e5 Rd7 34. exd6 exd6 35. Kf3 f5 36. g4 fxg4+ 37. Kxg4 Kf6 38. Rf1+ Ke6 39.
Kxg5 Rg7+ 40. Kh4 Rh8# 0-1

[Event "*** Titled Tuesday Blitz"]
[Site "Chess.com"]
[Date "2021.03.30"]
[Round "3"]
[White "CheckThis4"]
[Black "Alexsur1981"]
[Result "0-1"]
[WhiteElo "2616"]
[BlackElo "2864"]
[TimeControl "180+1"]
[EndTime "10:28:39 PDT"]
[Termination "Alexsur1981 won by resignation"]

1. e4 c5 2. Nf3 e6 3. Nc3 Nc6 4.
Bb5 Nd4 5. Bc4 Qc7 6. d3 a6 7. Nxd4 cxd4 8. Ne2 b5 9. Bb3 Bc5 10. O-O Ne7 11. c3 dxc3 12. bxc3 d5 13. d4 Bb6 14.
Bf4 Qd7 15. Ng3 O-O 16. e5 a5 17. Nh5 Kh8 18. Qg4 Ng6 19. Bg5 Bd8 20. f4 b4 21.
cxb4 axb4 22. Rad1 Bxg5 23. fxg5 Ba6 24. Rf2 Bc4 25. h4 Ra3 26. Qg3 Rfa8 27. Kh2 Kg8 28.
Rc1 Qe8 29. Rf3 Bxb3 30. axb3 Ne7 31. Rcf1 Nf5 32. Rxf5 exf5 33. Rxf5 Qe6 34. Rf4 Ra1 35. Nf6+ Kh8 36. Qd3 gxf6 37. Rxf6 Qe8 38. Rh6 Qg8 39.
Qf5 R1a6 40. e6 Rxe6 41. Rxe6 fxe6 42. Qf6+ Qg7 43. Qxe6 Rd8 44. g3 Qd7 45. Qe5+ Kg8 46. h5 Re8 47. Qf6 Qf7 48. Qd6 Qxh5+ 49. Kg1 Re1+ 0-1

[Event "*** Titled Tuesday Blitz"]
[Site "Chess.com"]
[Date "2021.03.30"]
[Round "3"]
[White "TigrVShlyape"]
[Black "Horizonevent"]
[Result "1-0"]
[WhiteElo "2799"]
[BlackElo "2532"]
[TimeControl "180+1"]
[EndTime "10:28:39 PDT"]
[Termination "TigrVShlyape won by resignation"]

1. d4 Nf6 2. Nf3 d5 3. Bf4 c5 4. e3 Nc6 5. Nbd2 Qb6 6. dxc5 Qxb2 7. Rb1 Qc3 8. Bb5 Qxc5 9. Ne5 Bd7 10. Nxd7 Nxd7 11.
O-O e5 12. Bg3 a6 13. Be2 b5 14. a4 b4 15. Nb3 Qd6 16. Bf3 Nf6 17. Nd4 Rc8 18. Qd3 Be7 19. Qxa6 O-O 20. Nf5 Qe6 21. Nxe7+ Qxe7 22. Rfd1 e4 23. Be2 Ne5 24. Rd2 Nc4 25. Bxc4 Rxc4 26. Qd6 Qxd6 27. Bxd6 Rfc8 28. Bxb4 Rb8 29.
c3 Rxc3 30. h3 Rc4 31. Rdb2 h6 32. a5 Nd7 33. Bd2 Rxb2 34. Rxb2 Ra4 35. Bc3 Nc5 36. Rb5 Nd3 37. Rxd5 Rc4 38. Bd4 Rc1+ 39. Kh2 Nxf2 40. a6 Rc2 41. a7 Ra2 42. Rd8+ Kh7 43. a8=Q 1-0

[Event "*** Titled Tuesday Blitz"]
[Site "Chess.com"]
[Date "2021.03.30"]
[Round "3"]
[White "Funo09"]
[Black "Djager97"]
[Result "1-0"]
[WhiteElo "2758"]
[BlackElo "2496"]
[TimeControl "180+1"]
[EndTime "10:28:39 PDT"]
[Termination "Funo09 won by resignation"]

1. e4 e5 2. Nf3 Nc6 3. Bb5 a6 4. Ba4 Nf6 5. O-O Be7 6. Re1 b5 7. Bb3 d6 8. c3 O-O 9. d4 Bg4 10.
Be3 Bh5 11. h3 exd4 12. cxd4 d5 13. e5 Ne4 14. Nc3 Nxc3 15. bxc3 Na5 16. Bc2 Nc4 17. g4 Bg6 18. Bf5 a5 19. Nd2 Nxe3 20. Rxe3 c5 21. Nf3 b4 22. Rc1 c4 23. Kg2 Rb8 24. Rb1 bxc3 25.
Rxc3 Rxb1 26. Qxb1 Bb4 27. Re3 Qe7 28. h4 Rc8 29. h5 Bxf5 30. Qxf5 Qe6 31. Qf4 c3 32.
Ng5 Qe7 33. Qf5 Qxg5 34. Qxg5 c2 35. h6 Bf8 36. hxg7 c1=Q 37. gxf8=Q+ Kxf8 38. e6 fxe6 39. Qf6+ Kg8 40. Qxe6+ Kh8 41. Qe5+ Kg8 42. Qxd5+ Kh8 43. Qe5+ Kg8 44. Qg5+ Kh8 45. Re8+ 1-0

[Event "*** Titled Tuesday Blitz"]
[Site "Chess.com"]
[Date "2021.03.30"]
[Round "3"]
[White "crazyluzhinTh3"]
[Black "NikolaN98"]
[Result "1-0"]
[WhiteElo "2514"]
[BlackElo "2669"]
[TimeControl "180+1"]
[EndTime "10:28:40 PDT"]
[Termination "crazyluzhinTh3 won on time"]

1. e4 e6 2. d4 d5 3. Nc3 Bb4 4. Ne2 Nf6 5. a3 Bxc3+ 6. Nxc3 dxe4 7. Bg5 h6 8. Bh4 g5 9. Bg3 b6 10. h4 Rg8 11. hxg5 hxg5 12. Nb5 Na6 13. Qd2 Bb7 14.
O-O-O Qe7 15. Rh6 Ng4 16. Rh7 Nf6 17. Rh6 e3 18. fxe3 Ne4 19. Qe1 c6 20. Nc3 Nxg3 21. Qxg3 O-O-O 22. Bc4 Nc7 23. Rf1 Rg7 24. Qe5 Rdg8 25.
Ne4 Kb8 26. Nf6 Rd8 27. Rfh1 Rg6 28. Rxg6 fxg6 29. Rh7 Qd6 30. Qxd6 Rxd6 31. Nd7+ Kc8 32. Ne5 Rd8 33. g3 c5 34. c3 b5 35. Bd3 c4 36. Bxg6 Nd5 37. Kd2 Rf8 38. Bf7 Nc7 39. Rg7 Be4 40. Rg8 Rxg8 41. Bxg8 Kd8 42. Bf7 Ke7 43.
Bh5 a6 44. Bf3 1-0

[Event "*** Titled Tuesday Blitz"]
[Site "Chess.com"]
[Date "2021.03.30"]
[Round "3"]
[White "ChronicUnhappiness"]
[Black "Mazanchenko_Dmitry"]
[Result "0-1"]
[WhiteElo "2336"]
[BlackElo "2212"]
[TimeControl "180+1"]
[EndTime "10:28:40 PDT"]
[Termination "Mazanchenko_Dmitry won by resignation"]

1. c4 g6 2. Nc3 Bg7 3. e4 d6 4.
f4 c5 5. Nf3 Bg4 6. Be2 Nc6 7. d3 e6 8. O-O Nge7 9. Ng5 Bxe2 10. Qxe2 Nd4 11. Qf2 h6 12. Nf3 Nec6 13. Kh1 f5 14. Nxd4 Bxd4 15. Qg3 Qf6 16. Ne2 O-O-O 17.
Nxd4 Nxd4 18. Be3 fxe4 19. dxe4 e5 20. Bxd4 exd4 21. e5 dxe5 22. fxe5 Qg5 23. Rf6 Qxg3 24. hxg3 g5 25. Kg1 Rdf8 26. Raf1 Rxf6 27. Rxf6 Re8 28.
e6 Kc7 29. Rxh6 Re7 30. Kf2 Kd6 31. Rg6 Rxe6 32. Rxg5 a6 33. a4 b5 34. axb5 axb5 35. b3 bxc4 36. bxc4 Kc6 37. g4 Kb6 38. Rd5 Rc6 39.
g5 Ka5 40. Ke2 Kb4 41. Kd3 Re6 42. g4 Re3+ 43. Kd2 Kxc4 44. Rd8 Rg3 45. g6 Rg2+ 46.
Ke1 Rxg4 47. Rd6 Kc3 48. Ke2 c4 49. Kf3 Rg5 50. Kf4 Rg1 51. Ke5 d3 52. Kf6 d2 53. g7 Kc2 54. Kf7 Rxg7+ 55. Kxg7 d1=Q 56. Rxd1 Kxd1 0-1